cohdb
Replays
Latest Replays
All Replays
Popular Replays
Top Player Replays
Match Explorer
How It Works
Community
CoH3 Stats
Reddit
Sign in to upload your games and track your stats! →
Sign in with Steam
Match 42522025
Unlisted
Match 42522025
Overview
Messages
Build Orders
End
Kettenkrad Recon Vehicle
Construct Infanterie Kompanie
Selects Terror Battlegroup
Selects Machine Gun Camouflage
MG 42 Machine Gun Team
MG 42 Machine Gun Team
Grenadier Squad
Infanterie Officer Quarters
Grenadier Squad
Construct Panzergrenadier Kompanie
251 Medium Carrier
Pak 40 Anti-tank Gun Team
Panzergrenadier Squad
Panzergrenadier Officer Quarters
Panzergrenadier Squad
Support Elements
Selects No Quarter
Nebelwerfer 42 Rocket Launcher Team
Panzergrenadier Squad
StuG III G Assault Gun
Side Skirts
Kimball211
Ethan Z
emrys
Premium
Robin
Retzbocher Klaus
Reggio93
gUi
0
0
Comments
sign in to comment!
No comments posted yet!